 Dungeon Crawl Stone Soup version 0.29-a0-243-g602b31c20e (webtiles) character file.

Game seed: 16215805585474746255

7 Ajdolov the Bolt Thrower (level 2, 0/22 HPs)
             Began as a Formicid Hunter on Mar 4, 2022.
             Succumbed to a goblin's poison
             ... on level 1 of the Dungeon.
             The game lasted 00:00:20 (160 turns).

Ajdolov the Bolt Thrower (Formicid Hunter)           Turns: 160, Time: 00:00:21

Health: 0/22       AC:  3    Str: 16    XL:     2   Next: 5%
Magic:  2/2        EV: 11    Int: 10    God:
Gold:   0          SH:  0    Dex: 11    Spells: 1/1 levels left

rFire   . . .      SeeInvis +   a - +1 hand crossbow
rCold   . . .      Faith    .   (no shield)
rNeg    . . .      Spirit   .   b - +0 leather armour
rPois   .          Reflect  .   (helmet unavailable)
rElec   .          Harm     .   (no cloak)
rCorr   .          Rampage  .   (no gloves)
Will    .....                   (no boots)
Stlth   +.........              (no amulet)
HPRegen 0.07/turn               (no ring)
MPRegen 0.08/turn               (no ring)

@: lethally poisoned (0 -> -8)
A: permanent stasis, dig shafts and tunnels, antennae 3, four strong arms
a: Dig, Shaft Self


You were on level 1 of the Dungeon.
You visited 1 branch of the dungeon, and saw 1 of its levels.

Inventory:

Hand Weapons
 a - a +1 hand crossbow (weapon)
Armour
 b - a +0 leather armour (worn)


   Skills:
 - Level 2.1 Fighting
 * Level 4.4 Crossbows
 - Level 1.7 Dodging
 - Level 1.2 Stealth


You had one spell level left.
You didn't know any spells.
Your spell library was empty.

Dungeon Overview and Level Annotations

Branches:
Dungeon (1/15)

Altars:


Innate Abilities, Weirdness & Mutations

You cannot be hasted, slowed, berserked, paralysed or teleported.
You can dig through walls and to a lower floor.
You have a pair of large antennae on your head. (SInv)
Your four strong arms can wield two-handed weapons with a shield.


Message History

A jackal comes into view.
The jackal bites you but does no damage.
The jackal bites you.
The jackal moves out of view.
You shoot a bolt. The bolt barely misses the jackal.
The jackal completely misses you. The jackal closely misses you.
You shoot a bolt.
The bolt hits the jackal but does no damage.
The jackal is severely wounded.
The jackal bites you. The goblin barely misses you.
The jackal bites you but does no damage.
You shoot a bolt. The bolt barely misses the jackal.
The jackal misses you.
The goblin hits you with a +0 dagger of venom.
You are lethally poisoned!
The jackal barely misses you.
You shoot a bolt. The bolt hits the jackal!
You kill the jackal!
You feel very sick.
The goblin hits you with a +0 dagger of venom.
You are more poisoned.
You have reached level 2!
You feel very sick.
The jackal barks!
You are too injured to fight recklessly!
Non-targeted abil: Dig
Press: ? - help, Q - select action, (/) - cycle Dir - look around, f - activate You extend your mandibles.
Unknown command.
You aren't carrying any potions.
Unknown command.
Non-targeted abil: Dig
Press: ? - help, Q - select action, (/) - cycle Dir - look around, f - activate You retract your mandibles.
Unknown command.
Really attack while wielding your +1 hand crossbow?
Okay, then.
* * * LOW HITPOINT WARNING * * *
You feel very sick.
* * * LOW HITPOINT WARNING * * *
You feel sick.
You die...

#... #.#.. ...
#..(.#...##.###.
#....#.#.#h.)... ###
#......#...##.## ..# #
#.#.#.#...#. .##
#.#...#...♣... ..##
#.#g#.#.#...# #..##
#...#...##.# ##..##
###@#.#...... .##..##
#...##.###.# .#....#
##.#......... ###...#
#..##.###.###
..###.##########...........
≈≈.##..........##.###.###.#
≈≈≈.#.########..††# ##
≈...#.# ###### ...##.#


You could see a goblin.

Vanquished Creatures
  5 jackals (D:1)
5 creatures vanquished.

Notes
Turn   | Place    | Note
-------+----------+-------------------------------------------
     0 | D:1      | Ajdolov the Formicid Hunter began the quest for the Orb.
     0 | D:1      | Reached XP level 1. HP: 16/16 MP: 1/1
   157 | D:1      | Reached XP level 2. HP: 11/22 MP: 2/2
   160 | D:1      | Succumbed to a goblin's poison

Illustrated notes

Levels and vault maps discovered:
D:1:      dpeg_arrival_subterranean_lakeside_camping, layout_rooms,
          hellmonk_ecumenical_altar_heavens_door,
          nicolae_concentric_dashed_squares_wild

Action                   || total
-------------------------++-------
 Fire: Hand crossbow     ||    24
 Abil: Dig               ||     2
Armor: Leather armour    ||     8
Dodge: Dodged            ||    16

Table legend: (Time is in decaauts)
 A = Elapsed time spent in this place.
 B = Non-inter-level travel time spent in this place.
 C = Inter-level travel time spent in this place.
 D = Time resting spent in this place.
 E = Time spent auto-exploring this place.
 F = Levels seen in this place.
 G = Mean time per level.
                   A        B        C        D        E       F      G
               +--------+--------+--------+--------+--------+-----+--------+
         Total |    168 |    168 |      0 |     69 |     55 |   1 |  168.0 |
       Dungeon |    168 |    168 |      0 |     69 |     55 |   1 |  168.0 |
               +--------+--------+--------+--------+--------+-----+--------+

Top non-repeatable levels by time:
     D:1: 168 daAuts
